 Dungeon Crawl Stone Soup version 0.29.1-1-gd02db6906a (webtiles) character file.

Game seed: 6895785135921221167

147 Ashen the Conjurer (level 5, 0/37 HPs)
             Began as a Demonspawn Conjurer on Oct 1, 2022.
             Slain by a water moccasin (7 damage)
             ... in a sewer.
             The game lasted 00:04:08 (2844 turns).

Ashen the Conjurer (Demonspawn Conjurer)            Turns: 2844, Time: 00:04:09

Health: 0/37       AC:  4    Str:  8    XL:     5   Next: 8%
Magic:  0/9        EV: 11    Int: 23    God:
Gold:   67         SH:  3    Dex: 11    Spells: 4/10 levels left

rFire   . . .      SeeInvis .   b - +0 hand axe (flame)
rCold   . . .      Faith    .   d - +0 buckler
rNeg    . . .      Spirit   .   a - +0 robe
rPois   .          Reflect  .   f - +1 hat
rElec   .          Harm     .   (no cloak)
rCorr   .          Rampage  .   i - +0 pair of gloves
Will    .....                   (no boots)
Stlth   ++........              (no amulet)
HPRegen 0.12/turn               (no ring)
MPRegen 0.22/turn               (no ring)

@: lethally poisoned (0 -> -6)
A: magic regeneration, big brain 1
a: no special abilities


You were in a sewer.
You visited 1 branch of the dungeon, and saw 3 of its levels.
You also visited: Sewer.

You collected 67 gold pieces.

Inventory:

Hand Weapons
 b - a +0 hand axe of flaming (weapon)
Armour
 a - a +0 robe (worn)
 d - a +0 buckler (worn)
 f - a +1 hat (worn)
 i - a +0 pair of gloves (worn)
Jewellery
 l - a ring of protection from cold
Wands
 n - a wand of paralysis (11)
Scrolls
 c - 2 scrolls of teleportation {unknown}
 k - 3 scrolls of noise {unknown}
 o - a scroll of blinking {unknown}
 p - a scroll of butterflies {unknown}
Potions
 e - 2 potions of degeneration {unknown}
 g - 3 potions of lignification {unknown}
 h - a potion of flight {unknown}
 j - 2 potions of curing {unknown}
 m - 2 potions of heal wounds {unknown}
 q - a potion of invisibility {unknown}


   Skills:
 + Level 1.2 Fighting
 + Level 2.3 Dodging
 + Level 2.4 Stealth
 + Level 1.2 Shields
 * Level 3.0 Spellcasting
 * Level 4.7 Conjurations


You had 4 spell levels left.
You knew the following spells:

 Your Spells              Type           Power      Damage    Failure   Level
a - Magic Dart            Conj           100%       1d8       2%          1
b - Searing Ray           Conj           50%        2d6       3%          2
c - Dazzling Flash        Conj/Hex       28%        N/A       17%         3

Your spell library contained the following spells:

 Spells                   Type           Power      Damage    Failure   Level
 Mephitic Cloud           Conj/Pois/Air  10%        N/A       24%         3
 Ignite Poison            Fire/Tmut/Pois 3%         N/A       41%         3
 Fulminant Prism          Conj/Hex       7%         3d7       50%         4
 Iskenderun's Mystic Bla  Conj/Tloc      14%        2d5       50%         4
 Freezing Cloud           Conj/Ice/Air   5%         6-21      91%         5


Dungeon Overview and Level Annotations

Branches:
Dungeon (3/15)              Sewer (1/1)

Altars:


Innate Abilities, Weirdness & Mutations

You regenerate magic rapidly.
You have an unusually large brain. (Int +2)


Message History

You are poisoned.
The water moccasin poisons you!
The water moccasin bites you but does no damage.
The searing ray hits the water moccasin!
The water moccasin is severely wounded.
You feel very sick. The water moccasin bites you.
The searing ray hits the water moccasin.
The water moccasin is almost dead.
You finish channelling your searing ray.
You feel very sick. The water moccasin barely misses you.
Casting: Searing Ray (safe; 3% risk of failure)
Confirm with . or Enter, or press ? or * to list all spells.
Aiming: Magic Dart (safe; 2% risk of failure)
Press: ? - help, Shift-Dir - straight line, f/p - water moccasin
Aim: a water moccasin (almost dead, 100% to hit)
The magic dart hits the water moccasin but does no damage.
The water moccasin is almost dead.
You feel sick. The water moccasin bites you.
The water moccasin closely misses you.
Casting: Magic Dart (safe; 2% risk of failure)
Confirm with . or Enter, or press ? or * to list all spells.
Aiming: Magic Dart (safe; 2% risk of failure)
Press: ? - help, Shift-Dir - straight line, f/p - water moccasin
Aim: a water moccasin (severely wounded, 100% to hit)
The magic dart hits the water moccasin.
The water moccasin is almost dead.
You feel sick. The water moccasin bites you.
* * * LOW HITPOINT WARNING * * *
Casting: Magic Dart (safe; 2% risk of failure)
Confirm with . or Enter, or press ? or * to list all spells.
Aiming: Magic Dart (safe; 2% risk of failure)
Press: ? - help, Shift-Dir - straight line, f/p - water moccasin
Aim: a water moccasin (almost dead, 100% to hit)
The magic dart hits the water moccasin but does no damage.
The water moccasin is almost dead.
* * * LOW HITPOINT WARNING * * *
You feel sick. The water moccasin bites you!
You die...

[$#. .#~#
#...
##.~~##
#....~#
....##
#.S.#
#@.##
#~..#
##~~# #.
#..# #.~
#..# #.~#
##~.# #.~~
#~..#
#.~###.~##
#.~.#...#


You could see a water moccasin.

Vanquished Creatures
  An orc priest (D:3)
  6 adders
  2 dart slugs (D:2)
  5 orcs (D:3)
  4 endoplasms
  A giant cockroach (D:2)
  3 hobgoblins
  5 jackals
  2 quokkas
  10 ball pythons
  4 bats
  4 frilled lizards
  3 goblins
  A kobold (D:2)
  8 rats
59 creatures vanquished.

Notes
Turn   | Place    | Note
-------+----------+-------------------------------------------
     0 | D:1      | Ashen the Demonspawn Conjurer began the quest for the Orb.
     0 | D:1      | Reached XP level 1. HP: 13/13 MP: 3/3
   420 | D:1      | Gained mutation: You have an unusually large brain. (Int
                  | +2) [demonic ancestry]
   420 | D:1      | Reached XP level 2. HP: 18/19 MP: 0/5
  1518 | D:2      | Reached XP level 3. HP: 25/25 MP: 4/6
  2074 | D:2      | Learned a level 2 spell: Searing Ray
  2078 | D:2      | Learned a level 3 spell: Dazzling Flash
  2278 | D:2      | Gained mutation: You regenerate magic rapidly. [demonic
                  | ancestry]
  2278 | D:2      | Reached XP level 4. HP: 31/31 MP: 2/8
  2468 | D:3      | Reached skill level 1 in Shields
  2511 | D:3      | Reached skill level 1 in Fighting
  2662 | D:3      | Found a glowing drain.
  2675 | D:3      | Reached XP level 5. HP: 25/37 MP: 6/9
  2708 | Sewer    | Entered a sewer
  2834 | Sewer    | Noticed a water moccasin
  2844 | Sewer    | Slain by a water moccasin

Illustrated notes

Levels and vault maps discovered:
D:1:      beargit_arrival_diablo_church, layout_basic
D:2:      layout_basic
D:3:      layout_basic, led_xom_imps, cheibrodos_sewer_entry_drain,
          kennysheep_nub, dk_noncrumbling_4, kennysheep_generic_room_15
Sewer:    sewer_the_moccasin

Skill      XL: |  1  2  3  4 |
---------------+-------------+-----
Dodging        | 2 |  2.3
Stealth        | 2 |  2.4
Shields        | 1 |  1.2
Fighting       | 1 |  1.2
Spellcasting   | 3 |  3.0
Conjurations   | |  4.7

Action                   |  1- 3 |  4- 6 || total
-------------------------+-------+-------++-------
Melee: Unarmed           |    14 |       ||    14
       Hand axe          |    59 |    14 ||    73
       Punch             |     1 |       ||     1
 Cast: Magic Dart        |    40 |    22 ||    62
       Searing Ray       |       |     3 ||     3
  Use: Potion            |     1 |       ||     1
 Stab: Sleeping          |     5 |       ||     5
Armor: Robe              |    22 |    11 ||    33
Dodge: Dodged            |    64 |    19 ||    83
Block: Buckler           |    13 |     5 ||    18
